 Dungeon Crawl Stone Soup version 0.16-a0-3536-g164200f (webtiles) character file.

2832 Gronka the Cleaver (level 9, -2/79 HPs)
             Began as a Hill Orc Fighter on Jan 8, 2015.
             Was a High Priest of Makhleb.
             Slain by a killer bee (7 damage)
             ... on level 7 of the Dungeon.
             The game lasted 00:32:53 (5779 turns).

Gronka the Cleaver (Hill Orc Fighter)               Turns: 5779, Time: 00:32:57

Health: -2/79      AC: 14    Str: 22    XL:     9   Next: 73%
Magic:  9/9        EV:  7    Int:  8    God:    Makhleb [*****.]
Gold:   313        SH: 11    Dex: 10    Spells: 0 memorised, 8 levels left

rFire  . . .     SeeInvis .     a - +0 war axe
rCold  + . .     Clarity  .     i - +0 chain mail
rNeg   + . .     SustAb   .     c - +0 shield
rPois  +         Gourm    .     s - +0 helmet
rElec  .         Spirit   .     d - +0 cloak
rCorr  .         Warding  +     f - +0 pair of gloves
rMut   .         Stasis   .     (no boots)
MR     .....                    h - amulet of warding
Stlth  ..........               x - ring of poison resistance
                                l - ring of protection from cold

@: lethally poisoned, not resistant to hostile enchantments, extremely
unstealthy
A: no striking features
a: Minor Destruction, Lesser Servant of Makhleb, Major Destruction, Greater
Servant of Makhleb, Renounce Religion


You were on level 7 of the Dungeon.
You worshipped Makhleb.
Makhleb was extremely pleased with you.
You were not hungry.

You visited 1 branch of the dungeon, and saw 7 of its levels.
You also visited: Sewer.

You collected 313 gold pieces.

Inventory:

Hand weapons
 a - a +0 war axe (weapon)
 o - a +0 flail
Missiles
 b - 5 javelins (quivered)
Armour
 c - a +0 shield (worn)
 d - a +0 cloak (worn)
 f - a +0 pair of gloves (worn)
 i - a +0 chain mail (worn)
 s - a +0 helmet (worn)
Jewellery
 h - an amulet of warding (around neck)
 l - a ring of protection from cold (left hand)
 m - an uncursed ring of positive energy
 n - an uncursed ring of sustain abilities
 x - a ring of poison resistance (right hand)
 z - the ring of the Fifty Wishes {+/*Tele rF++}
   (You found it on level 4 of the Dungeon)

   [ring of teleportation]

   It causes random teleportation, and can be evoked to teleport at will.
   It greatly protects you from fire.
 C - a +2 ring of dexterity
Scrolls
 j - 4 scrolls of blinking
 t - 2 scrolls of enchant weapon
 v - 4 scrolls of identify
 y - 2 scrolls of teleportation
 A - a scroll of fear {unknown}
Potions
 e - 2 potions of might
 g - 2 potions of curing
 k - a potion of magic {unknown}
 p - a potion of restore abilities {unknown}
 q - 2 potions of brilliance {unknown}
 u - a potion of beneficial mutation {unknown}
 w - a potion of cure mutation {unknown}
Comestibles
 r - 3 bread rations
 B - 3 beef jerkies


   Skills:
 + Level 7.4 Fighting
 + Level 9.4 Axes
 + Level 0.4 Throwing
 + Level 7.1 Armour
 + Level 3.3 Dodging
 + Level 7.7 Shields


You had 8 spell levels left.
You didn't know any spells.

Dungeon Overview and Level Annotations

Branches:
Dungeon (7/15)             Temple (0/1) D:4

Altars:
Ashenzari
Cheibriados
Elyvilon
Fedhas
Gozag
Kikubaaqudgha
Makhleb
Okawaru
Sif Muna
Zin
The Shining One

Shops:
D:5 *   D:7 %

Annotations:
D:4 Blork the orc


Message History

The killer bee stings you.
* * * LOW HITPOINT WARNING * * *
Things that are here:
a halberd; a robe Drink which item? (? for menu, Esc to quit)
You feel better. The killer bee stings you!
* * * LOW HITPOINT WARNING * * *
You are poisoned.
The killer bee poisons you! You block the killer bee's attack.
The killer bee barely misses you. x2
The killer bee stings you.
* * * LOW HITPOINT WARNING * * *
You block the killer bee's attack.
Use which ability? (? or * to list)
A demon appears!
You feel slightly more hungry.
You feel sick. You block the killer bee's attack. x2
The killer bee barely misses you. The killer bee stings you.
* * * LOW HITPOINT WARNING * * *
The killer bee stings you!
You die...

.............##<.#
.(.###.......##..######
...............)......#
......................#
......................#.
#.............†.........
.............†...........
...............yyy.......
................@###.....
...###.........#)# .....
.....#...$.....#3###....##
.....##.......()((.......#
........##................
........##...?...........
.........#.......##+#....
.........#........... ...
..........#.........< .


You could see 3 killer bees and a friendly neqoxec.

Vanquished Creatures
  3 yaks (D:6)
  An orc warrior (D:7)
  A sky beast (D:5)
  An ice beast (D:6)
  A phantom (D:5)
  2 centaurs (D:5)
  3 ogres
  A big kobold (D:7)
  3 giant frogs
  A goliath beetle (D:6)
  9 wights (D:7)
  3 crimson imps
  A hound (D:4)
  4 orc priests
  2 iguanas
  5 orc wizards
  2 worker ants
  A hound zombie (D:5)
  A hound skeleton (D:5)
  9 adders
  13 giant mites
  A worm (D:3)
  An adder skeleton (D:4)
  11 oozes (Sewer)
  24 orcs
  2 bat skeletons (D:5)
  21 giant cockroaches
  19 hobgoblins
  18 kobolds
  8 ball pythons
  A ball python skeleton (D:4)
  14 bats
  19 giant geckos
  14 giant newts
  8 goblins
  19 jackals
  3 quokkas
  A quokka skeleton (D:4)
  12 rats
  A ballistomycete (D:6)
264 creatures vanquished.

Vanquished Creatures (others)
  A human (D:3)
  A giant spore (D:6)
2 creatures vanquished.

Grand Total: 266 creatures vanquished

Notes
Turn   | Place    | Note
--------------------------------------------------------------
     0 | D:1      | Gronka, the Hill Orc Fighter, began the quest for the Orb.
     0 | D:1      | Reached XP level 1. HP: 19/19 MP: 1/1
    43 | D:1      | Reached skill level 4 in Fighting
    43 | D:1      | Reached XP level 2. HP: 25/27 MP: 2/2
   232 | D:1      | Reached XP level 3. HP: 30/33 MP: 3/3
   483 | D:2      | Found a burning altar of Makhleb.
   496 | D:2      | Became a worshipper of Makhleb the Destroyer
   530 | D:2      | Found a white marble altar of Elyvilon.
   584 | D:2      | Found a glowing golden altar of the Shining One.
   585 | D:2      | Found an iron altar of Okawaru.
   585 | D:2      | Found a shattered altar of Ashenzari.
  1136 | D:3      | Reached XP level 4. HP: 39/41 MP: 4/4
  1146 | D:3      | Acquired Makhleb's first power
  1244 | D:3      | Found an ancient bone altar of Kikubaaqudgha.
  1245 | D:3      | Noticed a human
  1247 | D:3      | Killed a human
  1364 | D:3      | Reached skill level 1 in Dodging
  1505 | D:3      | Found a snail-covered altar of Cheibriados.
  1596 | D:3      | Reached XP level 5. HP: 45/47 MP: 5/5
  1601 | D:3      | Found a glowing drain.
  1609 | Sewer    | Entered a sewer
  1616 | Sewer    | Acquired Makhleb's second power
  1845 | Sewer    | Acquired Makhleb's third power
  1930 | Sewer    | Reached XP level 6. HP: 44/55 MP: 6/6
  1997 | Sewer    | Reached skill level 5 in Fighting
  2032 | Sewer    | Acquired Makhleb's fourth power
  2201 | D:3      | Reached skill level 5 in Shields
  2294 | D:4      | Reached XP level 7. HP: 57/61 MP: 7/7
  2302 | D:4      | Found a blossoming altar of Fedhas.
  2317 | D:4      | Reached skill level 5 in Axes
  2337 | D:4      | Found a staircase to the Ecumenical Temple.
  2581 | D:4      | Got a glittering amber ring
  2583 | D:4      | Identified the ring of the Fifty Wishes {+/*Tele rF++} (You found it on level 4 of the Dungeon)
  2866 | D:4      | Noticed Blork the orc
  2878 | D:4      | Found a deep blue altar of Sif Muna.
  3021 | D:5      | Entered Level 5 of the Dungeon
  3054 | D:5      | Reached skill level 5 in Armour
  3103 | D:5      | Acquired Makhleb's fifth power
  3108 | D:5      | Found Qiof's General Store.
  3200 | D:5      | Reached skill level 6 in Axes
  3237 | D:5      | Reached XP level 8. HP: 66/70 MP: 8/8
  3294 | D:5      | Found an opulent altar of Gozag.
  3296 | D:5      | Found a glowing silver altar of Zin.
  3673 | D:6      | Reached skill level 7 in Axes
  3869 | D:6      | Reached skill level 8 in Axes
  3869 | D:6      | Reached XP level 9. HP: 24/78 MP: 9/9
  5395 | D:7      | Found Stryfobuv's Food Boutique.
  5516 | D:7      | Reached skill level 9 in Axes
  5779 | D:7      | Slain by a killer bee

Action                   |  1- 3 |  4- 6 |  7- 9 || total
-------------------------+-------+-------+-------++-------
Melee: War axe           |   132 |   444 |   542 ||  1118
Throw: Javelin           |       |       |     3 ||     3
Invok: Lesser Servant of |       |       |     1 ||     1
  Use: Scroll            |     4 |       |     8 ||    12
       Potion            |       |       |     3 ||     3
  Eat: Meat ration       |     1 |       |       ||     1
       Fruit             |       |     1 |     6 ||     7
       Chunk             |       |       |     4 ||     4
       Bread ration      |       |       |     1 ||     1
